 Dungeon Crawl Stone Soup version 0.30-a0-760-g5a9884bb7c (webtiles) character file.

Game seed: 16430431150270588582

1872 Newt the Skirmisher (level 9, -9/42 (48) HPs)
             Began as a Kobold Hunter on Feb 10, 2023.
             Was a Follower of Hepliaklqana.
             Mangled by Joseph
             ... wielding a +0 quarterstaff
              (12 damage)
             ... on level 7 of the Dungeon.
             The game lasted 00:06:09 (6761 turns).

Newt the Skirmisher (Kobold Hunter)                 Turns: 6761, Time: 00:06:10

HP:   -9/42 (48)    AC:  4    Str:  9    XL:     9   Next: 36%
MP:   16/16         EV: 18    Int: 10    God:    Hepliaklqana [*.....]
Gold: 329           SH:  0    Dex: 22    Spells: 16/18 levels left

rFire   + . .      SeeInvis .    a - +0 shortbow
rCold   . . .      Faith    .    (shield currently unavailable)
rNeg    . . .      Spirit   .    c - +0 leather armour
rPois   .          Reflect  .    (no helmet)
rElec   .          Harm     .    (no cloak)
rCorr   .          Rampage  .    (no gloves)
Will    +....                    d - +0 pair of boots
Stlth   +++                      p - amulet of magic regeneration
HPRegen 0.27/turn                n - ring of willpower
MPRegen 0.55/turn                q - ring of protection from fire

@: heavily drained
A: reduced essence, small, no large weapons, nightstalker 3
a: Renounce Religion, Recall Ancestor, Ancestor Identity


You were on level 7 of the Dungeon.
You worshipped Hepliaklqana.
Hepliaklqana was aware of your devotion.
You visited 2 branches of the dungeon, and saw 8 of its levels.

You collected 329 gold pieces.

Inventory:

Hand Weapons
 a - a +0 shortbow (weapon)
Missiles
 h - 6 curare-tipped darts
Armour
 c - a +0 leather armour (worn)
 d - a +0 pair of boots (worn)
Jewellery
 n - a ring of willpower (left hand)
 p - an amulet of magic regeneration (around neck)
 q - a ring of protection from fire (right hand)
 z - a ring of see invisible
Scrolls
 b - 3 scrolls of immolation
 e - 6 scrolls of teleportation
 k - a scroll of magic mapping
 s - a scroll of torment
 y - a scroll of identify
Potions
 f - a potion of degeneration
 g - 2 potions of haste
 i - a potion of flight
 j - 2 potions of brilliance
 m - 4 potions of curing
 o - 2 potions of mutation
 r - 2 potions of berserk rage
 t - a potion of lignification
 u - a potion of might
 w - a potion of attraction {unknown}
 x - a potion of resistance {unknown}


   Skills:
 + Level 5.0 Fighting
 - Level 10.0 Ranged Weapons
 - Level 6.0 Dodging
 - Level 1.3 Stealth
 - Level 5.0 Spellcasting
 - Level 5.0 Transmutations


You had 16 spell levels left.
You knew the following spells:

 Your Spells              Type           Power      Damage    Failure   Level
a - Wereblood             Tmut           12%        N/A       6%          2

Your spell library contained the following spells:

 Spells                   Type           Power      Damage    Failure   Level
 Vhi's Electric Charge    Tloc/Air       4%         N/A       67%         3
 Arcjolt                  Conj/Air       1%         1d11      100%        5
 Maxwell's Capacitive Co  Air            1%         ∞         100%        8


Dungeon Overview and Level Annotations

Branches:
Dungeon (7/15)             Temple (1/1) D:4

Altars:
Dithmenos
Elyvilon
Gozag
Hepliaklqana
Makhleb
Nemelex Xobeh
Okawaru
Qazlal
Sif Muna
Trog
Vehumet
Wu Jian
Xom
Yredelemnul
Zin
The Shining One

Annotations:
D:7 Joseph


Innate Abilities, Weirdness & Mutations

Your life essence is reduced to manifest your ancestor. (-10% HP)
You are small and have problems with some larger weapons.
You are completely attuned to the shadows.


Message History

Joseph completely misses you.
The wight hits you with a +3 morningstar!!
* * * LOW HITPOINT WARNING * * *
You feel drained.
* * * LOW HITPOINT WARNING * * *
You feel much better. Joseph hits you with a +0 quarterstaff.
The wight hits you with a +3 morningstar!
* * * LOW HITPOINT WARNING * * *
You feel drained.
* * * LOW HITPOINT WARNING * * *
You feel much better.
Joseph is no longer blind.
Joseph hits you with a +0 quarterstaff.
The wight hits you with a +3 morningstar!
* * * LOW HITPOINT WARNING * * *
You feel drained.
* * * LOW HITPOINT WARNING * * *
Okay, then.
Aiming: Bolt of Light
Press: ? - help, Shift-Dir - straight line, f/p - Joseph
Aim: Joseph, wielding a +0 quarterstaff and wearing a +1 ring mail of cold resistance (severely wounded, 75% to hit)
The bolt of light misses Joseph.
Joseph barely misses you. The wight completely misses you.
Aiming: Bolt of Light
Press: ? - help, Shift-Dir - straight line, f/p - Joseph
Aim: Joseph, wielding a +0 quarterstaff and wearing a +1 ring mail of cold resistance (severely wounded, 75% to hit)
The bolt of light misses Joseph.
Joseph misses you.
The wight hits you with a +3 morningstar.
* * * LOW HITPOINT WARNING * * *
Aiming: Bolt of Light
Press: ? - help, Shift-Dir - straight line, f/p - Joseph
Aim: Joseph, wielding a +0 quarterstaff and wearing a +1 ring mail of cold resistance (severely wounded, 75% to hit)
The bolt of light hits Joseph!
Joseph is almost dead.
Joseph is blinded.
Joseph misses you. The wight closely misses you.
Aiming: Bolt of Light
Press: ? - help, Shift-Dir - straight line, f/p - Joseph
Aim: Joseph, wielding a +0 quarterstaff and wearing a +1 ring mail of cold resistance (almost dead, blind, 75% to hit)
The bolt of light misses Joseph.
The now-empty wand crumbles to dust.
Joseph hits you with a +0 quarterstaff!
You die...

####.....
.........
........
#z@....
#.@.....
#.......
#.......
##......
#...####
##.....#
##.##.# .
####.##.##..
............


You could see Joseph (blind) and a wight.

Vanquished Creatures
  A water moccasin (D:6)
  An ice beast (D:5)
  2 sky beasts (D:7)
  An orc warrior (D:4)
  2 ogres
  A phantom (D:5)
  3 bullfrogs
  A necrophage (D:5)
  A scorpion (D:7)
  4 hounds
  A gnoll bouda (D:5)
  4 jellies
  An orc priest (D:5)
  3 iguanas
  3 orc wizards
  4 gnolls (D:5)
  9 adders
  A shadow imp (D:6)
  2 ufetubi
  A worm (D:2)
  5 dart slugs
  12 orcs
  9 endoplasms
  A giant cockroach (D:1)
  9 goblins
  3 hobgoblins
  6 jackals
  10 kobolds
  5 quokkas
  6 ball pythons
  6 bats
  7 frilled lizards
  2 rats
127 creatures vanquished.

Vanquished Creatures (collateral kills)
  A wyvern (D:7)
  A white imp (D:6)
2 creatures vanquished.

Vanquished Creatures (others)
  3 ancestors
3 creatures vanquished.

Grand Total: 132 creatures vanquished

Notes
Turn   | Place    | Note
-------+----------+-------------------------------------------
     0 | D:1      | Newt the Kobold Hunter began the quest for the Orb.
     0 | D:1      | Reached XP level 1. HP: 12/12 MP: 1/1
   115 | D:1      | Reached XP level 2. HP: 18/18 MP: 2/2
   350 | D:1      | Reached XP level 3. HP: 23/23 MP: 3/3
   986 | D:2      | Found a glowing silver altar of Zin.
  1070 | D:2      | Reached XP level 4. HP: 30/30 MP: 4/4
  1108 | D:2      | Found a faded altar of an unknown god.
  1953 | D:3      | Reached skill level 5 in Fighting
  2123 | D:3      | Reached XP level 5. HP: 35/35 MP: 5/5
  2522 | D:3      | Found a glowing silver altar of Zin.
  2691 | D:4      | Reached skill level 6 in Ranged Weapons
  3126 | D:4      | Found a staircase to the Ecumenical Temple.
  3153 | Temple   | Entered the Ecumenical Temple
  3208 | Temple   | Became a worshipper of Hepliaklqana the Forgotten
  3257 | D:4      | Reached skill level 7 in Ranged Weapons
  3257 | D:4      | Reached XP level 6. HP: 27/40 MP: 6/6
  3513 | D:4      | Found a shimmering blue altar of Sif Muna.
  3514 | D:4      | Noticed an orc warrior
  3528 | D:4      | Killed an orc warrior
  3529 | D:4      | Reached skill level 8 in Ranged Weapons
  3762 | D:4      | Got Sif Muna's Meditations on the Gestalt
  3767 | D:4      | Found a bloodstained altar of Trog.
  3830 | D:4      | Found an opulent altar of Gozag.
  3830 | D:4      | Found a burning altar of Makhleb.
  3831 | D:4      | Found a sparkling altar of Nemelex Xobeh.
  3831 | D:4      | Found an iron altar of Okawaru.
  4242 | D:5      | Entered Level 5 of the Dungeon
  4266 | D:5      | Reached XP level 7. HP: 44/44 MP: 7/7
  4272 | D:5      | Reached skill level 9 in Ranged Weapons
  4667 | D:5      | Reached skill level 10 in Ranged Weapons
  4973 | D:5      | Reached XP level 8. HP: 49/49 MP: 8/8
  4993 | D:5      | Reached skill level 5 in Dodging
  5762 | D:6      | Reached skill level 1 in Spellcasting
  5762 | D:6      | Reached skill level 1 in Transmutations
  5778 | D:6      | Reached * piety under Hepliaklqana
  6120 | D:6      | Learned a level 2 spell: Wereblood
  6130 | D:6      | Reached XP level 9. HP: 48/48 MP: 12/14
  6615 | D:7      | Reached skill level 5 in Spellcasting
  6615 | D:7      | Reached skill level 5 in Transmutations
  6743 | D:7      | Noticed Joseph
  6755 | D:7      | HP: 2/46 [wight/+3 morningstar (5)]
  6761 | D:7      | Mangled by Joseph

Illustrated notes

Levels and vault maps discovered:
D:1:      erik_arrival_triangle_large, layout_basic, serial_aquarium,
          aquarium_bridge_long_separate [aquarium_subvault_bridge,
          aquarium_subvault_bridge, aquarium_subvault_bridge,
          aquarium_subvault_window, aquarium_subvault_bridge,
          aquarium_subvault_window], aquarium_window_2, aquarium_window_3,
          aquarium_view_2a
D:2:      layout_basic, dilly_ecumenical_altar_fadedgnrine, basic_altar,
          nicolae_kite_square_tiling_tiny, hangedman_feature_mirror
D:3:      layout_basic, lemuel_tele_altar
D:4:      layout_basic, nzn_overflow_gifts_of_might_and_magic,
          mainiacjoe_overflow_alcove_3, minmay_temple_entry_drinking_statues
D:5:      layout_loops_ring
D:6:      layout_loops_ring, minmay_misc_feat_four_crosses
D:7:      layout_basic, minmay_manual_mess, uniq_joseph
Temple:   regret_index_temple_waves

Skill      XL: |  1  2  3  4  5  6  7  8  9 |
---------------+----------------------------+-----
Fighting       | 3 4 5 |  5.0
Ranged Weapons | 7 8 10 | 10.0
Dodging        | 4 6 |  6.0
Spellcasting   | 3 5 |  5.0
Transmutations | 3 5 |  5.0
Stealth        | |  1.3

Action                     |  1- 3 |  4- 6 |  7- 9 || total
---------------------------+-------+-------+-------++-------
  Melee: Shortbow          |       |     2 |       ||     2
   Fire: Shortbow          |    84 |   159 |   218 ||   461
  Throw: Dart              |       |     1 |       ||     1
  Evoke: Wand              |       |     4 |     6 ||    10
    Use: Scroll            |     4 |     8 |     5 ||    17
         Potion            |       |       |     3 ||     3
 Armour: Leather armour    |     8 |    25 |    13 ||    46
  Dodge: Dodged            |    31 |    87 |    88 ||   206

Table legend: (Time is in decaauts)
 A = Elapsed time spent in this place.
 B = Non-inter-level travel time spent in this place.
 C = Inter-level travel time spent in this place.
 D = Time resting spent in this place.
 E = Time spent auto-exploring this place.
 F = Levels seen in this place.
 G = Mean time per level.
                   A        B        C        D        E       F      G
               +--------+--------+--------+--------+--------+-----+--------+
         Total |   6847 |   6549 |    298 |   1051 |   4651 |   8 |  855.9 |
       Dungeon |   6774 |   6513 |    261 |   1051 |   4623 |   7 |  967.7 |
        Temple |     72 |     36 |     36 |      0 |     28 |   1 |   72.0 |
               +--------+--------+--------+--------+--------+-----+--------+

Top non-repeatable levels by time:
     D:4: 1620 daAuts
     D:5: 1394 daAuts
     D:1: 1018 daAuts
     D:2: 871 daAuts
     D:3: 723 daAuts
     D:6: 687 daAuts
     D:7: 459 daAuts
  Temple: 72 daAuts
